 Dungeon Crawl Stone Soup version 0.28-a0-535-g6f645e4c1d (webtiles) character file.

Game seed: 76963441461962926

591 Zenkrye the Cleaver (level 7, -2/55 HPs)
             Began as a Palentonga Fighter on Sept 26, 2021.
             Slain by Pikel (12 damage)
             ... on level 3 of the Dungeon.
             The game lasted 00:07:56 (3895 turns).

Zenkrye the Cleaver (Palentonga Fighter)            Turns: 3895, Time: 00:07:57

Health: -2/55      AC: 14    Str: 19    XL:     7   Next: 16%
Magic:  7/7        EV:  7    Int:  9    God:
Gold:   208        SH:  4    Dex: 11    Spells: 6/6 levels left

rFire   . . .      SeeInvis +   a - +0 war axe
rCold   . . .      Faith    .   f - +0 buckler
rNeg    . . .      Spirit   .   b - +0 scale mail
rPois   .          Reflect  .   d - +0 helmet
rElec   .          Harm     .   (no cloak)
rCorr   .          Rampage  .   (no gloves)
Will    .....                   (no barding)
Stlth   ..........              (no amulet)
HPRegen 0.18/turn               (no ring)
MPRegen 0.10/turn               (no ring)

@: weak-willed, curled up
A: large, rugged brown scales 3, see invisible, deformed body, roll 1, armoured
tail, reflexive curl
a: Rolling Charge


You were on level 3 of the Dungeon.
You visited 1 branch of the dungeon, and saw 4 of its levels.

You collected 208 gold pieces.

Inventory:

Hand Weapons
 a - a +0 war axe (weapon)
 g - a +0 hand crossbow
Missiles
 k - 23 bolts
 m - 2 throwing nets {!f}
Armour
 b - a +0 scale mail (worn)
 d - a +0 helmet (worn)
 f - a +0 buckler (worn)
 n - a +0 crystal plate armour
Jewellery
 c - a ring of ice
Scrolls
 i - 3 scrolls of identify {@r1}
 j - a scroll of vulnerability
Potions
 h - a potion of ambrosia {unknown}
 l - 3 potions of curing {@q1}
 o - a potion of magic {unknown}


   Skills:
 - Level 3.0 Fighting
 + Level 8.0 Axes
 - Level 2.4 Armour
 - Level 2.4 Shields


You had 6 spell levels left.
You didn't know any spells.
Your spell library was empty.

Dungeon Overview and Level Annotations

Branches:
Dungeon (4/15)
 Temple: D:4-7

Altars:

Shops:
D:2 [

Annotations:
D:3 Pikel
D:4 Eustachio


Innate Abilities, Weirdness & Mutations

You are completely covered in rugged brown scales. (AC +3, +7% HP)
You have supernaturally acute eyesight. (SInv)
Armour fits poorly on your strangely shaped body.
You can roll at nearby foes to attack.
You have a long armoured tail.
You curl defensively after being hit.


Message History

There is a stone staircase leading up here.
Pikel hits you with a +1 whip of electrocution!
You are electrocuted!
The lemure hits you but does no damage.
You climb upwards.
There is a stone staircase leading down here.
Okay, then.
Unknown command.
You aren't carrying any items that you can evoke.
Unknown command.
Unknown command.
Okay, then.
Unknown command.
As you read the scroll labelled TUNAYH UGRUCOU, it crumbles to dust.
Magic quickly surges around you.
It was a scroll of vulnerability.
Pikel barely misses you.
a - a +0 war axe (weapon)
You miss Pikel. Pikel barely misses you.
You hit Pikel but do no damage.
Pikel cracks his whip.
Pikel barely misses you. x2
You completely miss Pikel. Pikel closely misses you.
You hit Pikel but do no damage.
Pikel hits you with a +1 whip of electrocution!
You are electrocuted!
* * * LOW HITPOINT WARNING * * *
You feel much better. You block Pikel's attack.
You barely miss Pikel.
Pikel hits you with a +1 whip of electrocution.
You are electrocuted!!
* * * LOW HITPOINT WARNING * * *
You feel much better.
Pikel hits you with a +1 whip of electrocution!
You are electrocuted!!
* * * LOW HITPOINT WARNING * * *
You feel much better.
Pikel hits you with a +1 whip of electrocution.
* * * LOW HITPOINT WARNING * * *
You are electrocuted!
You die...

#################.#
..................#
#################.#
..................#
###################
#############
#...........#
#...........######
............'.5K@#
#...........######
##########'## #.#
#######.#
##.....#.##############
#..###...............<#
###.##.##.##.############
#...#...#.....#


You could see Pikel (weak-willed) and a lemure (weak-willed).

Vanquished Creatures
  Sigmund (D:4)
  4 hounds
  A jelly (D:3)
  An iguana (D:4)
  Natasha (thrice) (D:3)
  Robin (D:3)
  A gnoll (D:4)
  4 adders
  An ufetubus (D:4)
  An adder skeleton (D:4)
  2 dart slugs (D:4)
  8 orcs
  5 endoplasms
  3 giant cockroaches
  9 hobgoblins
  3 jackals (D:1)
  2 kobolds
  A quokka (D:4)
  8 ball pythons
  9 bats
  4 frilled lizards
  21 goblins
  10 rats
103 creatures vanquished.

Notes
Turn   | Place    | Note
-------+----------+-------------------------------------------
     0 | D:1      | Zenkrye the Palentonga Fighter began the quest for the Orb.
     0 | D:1      | Reached XP level 1. HP: 19/19 MP: 1/1
    97 | D:1      | Reached XP level 2. HP: 25/25 MP: 2/2
   295 | D:1      | Reached skill level 3 in Axes
   295 | D:1      | Found a faded altar of an unknown god.
   983 | D:2      | Reached XP level 3. HP: 25/31 MP: 3/3
  1122 | D:2      | Found Ziakut's Antique Armour Shop.
  1645 | D:3      | Reached skill level 4 in Axes
  1745 | D:3      | Reached XP level 4. HP: 33/37 MP: 4/4
  1827 | D:3      | Reached skill level 5 in Axes
  1827 | D:3      | Noticed Natasha
  1829 | D:3      | Killed Natasha
  1830 | D:3      | Reached XP level 5. HP: 43/43 MP: 5/5
  2004 | D:3      | Noticed Natasha
  2022 | D:3      | Killed Natasha
  2205 | D:3      | Noticed Natasha
  2218 | D:3      | Killed Natasha
  2480 | D:3      | Noticed Robin
  2501 | D:3      | Killed Robin
  2502 | D:3      | Reached skill level 6 in Axes
  2943 | D:4      | Reached XP level 6. HP: 47/50 MP: 6/6
  3091 | D:4      | Noticed Sigmund
  3105 | D:4      | Killed Sigmund
  3106 | D:4      | Reached skill level 7 in Axes
  3106 | D:4      | Gained mutation: You curl defensively after being hit.
                  | [Palentonga growth]
  3106 | D:4      | Reached XP level 7. HP: 27/55 MP: 7/7
  3695 | D:4      | Reached skill level 8 in Axes
  3748 | D:4      | Noticed Eustachio
  3748 | D:4      | Noticed Pikel
  3894 | D:3      | HP: 2/55 [Pikel (19)]
  3895 | D:3      | Slain by Pikel

Illustrated notes

Levels and vault maps discovered:
D:1:      zelgadis_glass_arrival_small, layout_basic,
          shapermc_ecumenical_altar_pompeii, lemuel_old_faithful
D:2:      layout_basic, serial_shops, nicolae_diamond_shop
D:3:      cheibrodos_greedy_goblins, layout_basic, lemuel_flame_loot_1,
          uniq_robin, uniq_natasha
D:4:      layout_rooms, grunt_decor_arrowhead, small_statue_intersection,
          minmay_misc_feat_roman, hangedman_glass_teeth, st_stairs_11,
          minmay_three_crescents, uniq_pikel, uniq_crazy_yiuf_cottage,
          uniq_sigmund, uniq_eustachio

Skill      XL: |  1  2  3  4  5  6  7 |
---------------+----------------------+-----
Axes           | 3 4 5 6 7 8 |  8.0
Fighting       | |  3.0
Armour         | |  2.4
Shields        | |  2.4

Action                   |  1- 3 |  4- 6 |  7- 9 || total
-------------------------+-------+-------+-------++-------
Melee: War axe           |    87 |    89 |    48 ||   224
       Tailslap          |     4 |    11 |     3 ||    18
 Fire: Hand crossbow     |    13 |    51 |    24 ||    88
 Abil: Rolling Charge    |    12 |     1 |       ||    13
  Use: Scroll            |     5 |       |     1 ||     6
       Potion            |       |     2 |     3 ||     5
Armor: Scale mail        |    66 |    42 |    28 ||   136
Dodge: Dodged            |    37 |    33 |    23 ||    93
Block: Buckler           |    18 |    19 |     9 ||    46

Table legend: (Time is in decaauts)
 A = Elapsed time spent in this place.
 B = Non-inter-level travel time spent in this place.
 C = Inter-level travel time spent in this place.
 D = Time resting spent in this place.
 E = Time spent auto-exploring this place.
 F = Levels seen in this place.
 G = Mean time per level.
                   A        B        C        D        E       F      G
               +--------+--------+--------+--------+--------+-----+--------+
         Total |   3980 |   3803 |    177 |    184 |   2906 |   4 |  995.0 |
       Dungeon |   3980 |   3803 |    177 |    184 |   2906 |   4 |  995.0 |
               +--------+--------+--------+--------+--------+-----+--------+

Top non-repeatable levels by time:
     D:3: 1594 daAuts
     D:1: 963 daAuts
     D:4: 863 daAuts
     D:2: 558 daAuts
